 Dungeon Crawl Stone Soup version 0.20.1-1-g8b1a95d (webtiles) character file.

151 Irenicus the Slasher (level 5, -2/41 HPs)
             Began as a Merfolk Monk on Nov 12, 2017.
             Splashed by a jelly's acid (4 damage)
             ... on level 5 of the Dungeon.
             The game lasted 00:10:02 (1431 turns).

Irenicus the Slasher (Merfolk Monk)                 Turns: 1431, Time: 00:10:02

Health: -2/41      AC: -9    Str: 11    XL:     5   Next: 33%
Magic:  5/5        EV: 14    Int: 10    God:
Gold:   113        SH:  0    Dex: 17    Spells: 4/4 levels left

rFire    . . .     SeeInvis .   a - +0 falchion
rCold    . . .     Gourm    .   (no shield)
rNeg     . . .     Faith    .   o - +0 leather armour
rPois    .         Spirit   .   (no helmet)
rElec    .         Reflect  .   (no cloak)
rCorr    .         Harm     .   (no gloves)
MR       .....                  (no boots)
Stlth    ++........             (no amulet)
Regen    0.2/turn               (no ring)
MPRegen  0.1/turn               (no ring)

@: corroded
A: change form in water, swift swim, stealthy swim
a: no special abilities


You were on level 5 of the Dungeon.
You were very hungry.

You visited 1 branch of the dungeon, and saw 5 of its levels.

You collected 113 gold pieces.

Inventory:

Hand Weapons
 a - a +0 falchion (weapon)
Armour
 b - a +0 robe
 d - a +0 buckler
 g - a +0 robe of positive energy
 o - a +0 leather armour (worn)
Scrolls
 e - a scroll of noise {unknown}
 h - 5 scrolls of remove curse {unknown}
 j - 3 scrolls of identify {unknown}
 k - 2 scrolls of random uselessness {unknown}
 l - a scroll of enchant armour {unknown}
 p - 2 scrolls of teleportation {unknown}
 r - a scroll of amnesia {unknown}
Potions
 m - a potion of might {unknown}
 q - a potion of resistance {unknown}
 s - a potion of mutation {unknown}
Comestibles
 c - a bread ration
 f - 5 meat rations
 i - 2 royal jellies


   Skills:
 - Level 3.2 Fighting
 + Level 6.2 Long Blades
 - Level 4.4 Dodging
 - Level 2.1 Stealth


You had 4 spell levels left.
You didn't know any spells.

Dungeon Overview and Level Annotations

Branches:
Dungeon (6/15)
 Temple: D:4-7

Altars:
Nemelex Xobeh
Okawaru
Sif Muna
Trog
Uskayaw
Vehumet

Annotations:
D:6 2 transporters, Irenicus's ghost, amateur DDNe


Message History

You are splashed with acid!
The acid burns!
* * * LOW HITPOINT WARNING * * *
The ball python zombie barely misses you.
The ball python zombie grabs you.
* * * LOW HITPOINT WARNING * * *
The ball python zombie constricts you.
You feel better. The jelly barely misses you. The ball python zombie bites you.
* * * LOW HITPOINT WARNING * * *
x2 The ball python zombie constricts you.
Press: ? - help, v - describe, . - travel
Here: a jelly (almost dead)
The floor.
You escape the ball python zombie's grasp.
The jelly hits you.
* * * LOW HITPOINT WARNING * * *
You are splashed with acid!
The acid burns!
* * * LOW HITPOINT WARNING * * *
There is an open door here.
You hit the jelly but do no damage. The acid corrodes you!
Your hands burn!
You die...

#....'.......# ..
#....#.......#
...#+####...#.......#
#........#...#.......#
#........#...#.......#
#........#...#.......+
#........#...#.......#
#........#...#.......##+##
#........@...#............
#.......J#...#............
#.......Z#...#............
#........#...#.....>......
#........#...########.....
#........#...# #.....
#........#...# #.....
#####........#...# #.....
.............# #.....


You could see a jelly and a ball python zombie.

Vanquished Creatures
  2 iguanas
  4 adders
  An ooze (D:2)
  A worm (D:2)
  2 dart slugs (D:2)
  2 leopard geckos
  5 orcs
  A ball python (D:2)
  6 bats
  A goblin (D:2)
  4 hobgoblins (D:1)
  7 jackals (D:1)
  2 quokkas
  4 frilled lizards
  4 kobolds
  6 rats
52 creatures vanquished.

Notes
Turn   | Place    | Note
-------+----------+-------------------------------------------
     0 | D:1      | Irenicus the Merfolk Monk began the quest for the Orb.
     0 | D:1      | Reached XP level 1. HP: 18/18 MP: 1/1
    82 | D:2      | Reached XP level 2. HP: 14/24 MP: 2/2
    98 | D:2      | Reached skill level 4 in Long Blades
   211 | D:1      | Reached XP level 3. HP: 13/29 MP: 3/3
   231 | D:1      | HP: 2/43 [jackal (1)]
   623 | D:2      | Reached skill level 5 in Long Blades
   723 | D:2      | Reached XP level 4. HP: 31/35 MP: 4/4
   910 | D:2      | Found a hide-covered altar of Uskayaw.
   916 | D:2      | Found an iron altar of Okawaru.
   918 | D:2      | Found a deep blue altar of Sif Muna.
   920 | D:2      | Found a radiant altar of Vehumet.
   935 | D:2      | Found a faded altar of an unknown god.
  1209 | D:3      | Found a bloodstained altar of Trog.
  1249 | D:3      | You fall through a shaft for 3 floors!
  1255 | D:6      | Noticed Irenicus's ghost (amateur DDNe)
  1266 | D:6      | Found a transporter.
  1268 | D:6      | Noticed a manticore
  1269 | D:6      | Found a sparkling altar of Nemelex Xobeh.
  1272 | D:6      | Found a transporter.
  1275 | D:6      | Noticed a centaur warrior
  1277 | D:6      | Noticed a bullfrog
  1300 | D:6      | Reached XP level 5. HP: 41/41 MP: 5/5
  1319 | D:5      | Entered Level 5 of the Dungeon
  1387 | D:5      | Reached skill level 6 in Long Blades
  1430 | D:5      | HP: 2/41 [acid (5)]
  1431 | D:5      | Splashed by a jelly's acid

Skill      XL: |  1  2  3  4  5 |
---------------+----------------+-----
Long Blades    | 4 5 6 |  6.2
Fighting       | |  3.2
Dodging        | |  4.4
Stealth        | |  2.1

Action                   |  1- 3 |  4- 6 || total
-------------------------+-------+-------++-------
Melee: Falchion          |   104 |    94 ||   198
  Use: Potion            |     3 |     3 ||     6
 Stab: Sleeping          |     3 |     2 ||     5
       Distracted        |     1 |       ||     1
  Eat: Chunk             |       |     1 ||     1
Armor: Robe              |    23 |     4 ||    27
       Skin              |    17 |       ||    17
       Leather armour    |       |    10 ||    10
Dodge: Dodged            |    82 |    57 ||   139
       Rpst.: Falchion   |    21 |    17 ||    38
